 Dungeon Crawl Stone Soup version 0.29-a0-350-g7790a0e70a (webtiles) character file.

Game seed: 4565719781416791688

32 HendSelp the Insei (level 3, 0/34 HPs)
             Began as an Octopode Transmuter on Apr 22, 2022.
             Slain by Crazy Yiuf
             ... wielding a +3 quarterstaff of chaos
              (1 damage)
             ... on level 2 of the Dungeon.
             The game lasted 00:02:16 (2103 turns).

HendSelp the Insei (Octopode Transmuter)            Turns: 2103, Time: 00:02:16

Health: 0/34       AC: 21    Str: 11    XL:     3   Next: 25%
Magic:  3/6        EV:  2    Int: 15    God:
Gold:   155        SH:  0    Dex: 12    Spells: 3/6 levels left

rFire   . . .      SeeInvis .     - Unarmed
rCold   . . .      Faith    .   (no shield)
rNeg    . . .      Spirit   .   (helmet currently unavailable)
rPois   +          Reflect  .   (no amulet)
rElec   .          Harm     .   (no ring)
rCorr   .          Rampage  .   (no ring)
Will    .....      NoTele   +   (no ring)
Stlth   +.........              (no ring)
HPRegen 0.11/turn               (no ring)
MPRegen 0.10/turn               (no ring)
                                (no ring)
                                (no ring)

@: tree-form, wereblooded
A: stationary, stasis, torment immunity, boosted hp, almost no armour,
(amphibious), 8 rings, (camouflage 1), (gelatinous body 1), (nimble swimmer 1),
(tentacles)
a: no special abilities


You were on level 2 of the Dungeon.
You were a tree.
You visited 1 branch of the dungeon, and saw 2 of its levels.

You collected 155 gold pieces.

Inventory:

Jewellery
 c - a ring of fire
Potions
 b - a potion of ambrosia
 d - a potion of brilliance
 e - a potion of mutation
 f - a potion of curing {unknown}
 g - 2 potions of attraction {unknown}


   Skills:
 * Level 1.3 Fighting
 + Level 2.1 Dodging
 + Level 3.3 Unarmed Combat
 + Level 2.2 Spellcasting
 * Level 2.6 Transmutations


You had 3 spell levels left.
You knew the following spells:

 Your Spells              Type           Power      Damage    Failure   Level
a - Beastly Appendage     Tmut           18%        N/A       8%          1
b - Wereblood             Tmut           9%         N/A       11%         2

Your spell library contained the following spells:

 Spells                   Type           Power      Damage    Failure   Level
 Spider Form              Tmut/Pois      5%         N/A       36%         3
 Ice Form                 Ice/Tmut       5%         N/A       77%         4


Dungeon Overview and Level Annotations

Branches:
Dungeon (2/15)

Altars:
Vehumet

Annotations:
D:2 Crazy Yiuf


Innate Abilities, Weirdness & Mutations

You are a tree.
Your roots penetrate the ground, keeping you stationary.
You cannot be teleported.
You are immune to unholy pain and torment.
Your maximum health is greatly increased.
You cannot wear most types of armour.
((You are amphibious.))
You can wear up to eight rings at the same time.
((Your skin changes colour to match your surroundings (Stealth+).))
((Your rubbery body absorbs attacks. (AC +1, EV +1)))
((You are camouflaged when in or above water. (Stealth+)))
((You have tentacles for arms and can constrict up to eight enemies at once.))


Message History

Your transformation is almost over.
Crazy Yiuf glowers.
Crazy Yiuf yells, "Prologue!"
Your tentacle spike disappears.
There is an open door here.
There is an open door here.
There is an open door here.
Found a stone staircase leading up.
No target in view!
There is an open door here.
There is an open door here.
There is an open door here.
Crazy Yiuf shouts!
Could not explore, unopened runed door.
Could not explore, unopened runed door.
Could not explore, unopened runed door.
Memorise Wereblood, consuming 2 spell levels and leaving 3?
You start memorising the spell.
You continue memorising. x2
You finish memorising.
Spell assigned to 'b'.
Casting: Beastly Appendage (safe; 8% risk of failure)
Confirm with . or Enter, or press ? or * to list all spells.
Your blood is infused with primal strength.
One of your tentacles grows a vicious spike.
Unknown command.
You open the door.
Unknown command.
You tentacle-slap Crazy Yiuf. You grab Crazy Yiuf.
Crazy Yiuf is lightly wounded.
You constrict Crazy Yiuf.
Crazy Yiuf hits you with a +3 quarterstaff of chaos!
Ouch! That really hurt!
Crazy Yiuf burns you.
* * * LOW HITPOINT WARNING * * *
Your tentacle spike disappears.
You turn into a tree.
Your roots penetrate the ground.
You lose your grip on Crazy Yiuf.
Crazy Yiuf hits you with a +3 quarterstaff of chaos.
* * * LOW HITPOINT WARNING * * *
Crazy Yiuf freezes you.
You die...

#.# #.....#
#'#####....##
.......)...#
#..........# #####
#......#'### #..)#
#......#.# #...#
.......#.# ...
#......#.# #g#
.......#.# ♣♣♣♣
.......#.# ♣.♣♣
.......#.# ♣♣.♣
.......#.# ♣.♣♣
.........# ♣♣.♣♣
########## ♣...♣♣
........# ♣..♣.♣
........# #....#
........######....#


You could see Crazy Yiuf.

Vanquished Creatures
  An adder (D:2)
  A worm (D:2)
  2 dart slugs
  A ball python (D:2)
  A giant cockroach (D:2)
  A goblin (D:2)
  A hobgoblin (D:2)
  2 jackals (D:1)
  A kobold (D:2)
  2 bats (D:2)
  3 frilled lizards
  A rat (D:2)
17 creatures vanquished.

Notes
Turn   | Place    | Note
-------+----------+-------------------------------------------
     0 | D:1      | HendSelp the Octopode Transmuter began the quest for the
                  | Orb.
     0 | D:1      | Reached XP level 1. HP: 13/13 MP: 3/3
   396 | D:1      | Found a faded altar of an unknown god.
   611 | D:2      | Found a radiant altar of Vehumet.
   622 | D:2      | Reached XP level 2. HP: 15/18 MP: 3/5
  1455 | D:2      | Identified the +6 hand axe of Ytain {flame, rElec Dex+3}
  1481 | D:2      | Reached XP level 3. HP: 23/23 MP: 4/6
  1926 | D:2      | Found a runed translucent door.
  1937 | D:2      | Noticed Crazy Yiuf
  2099 | D:2      | Learned a level 2 spell: Wereblood
  2103 | D:2      | HP: 1/34 [Crazy Yiuf/+3 quarterstaff of chaos (2)]
  2103 | D:2      | Slain by Crazy Yiuf

Illustrated notes

Levels and vault maps discovered:
D:1:      lemuel_arrival_hallway, layout_rooms,
          shapermc_ecumenical_altar_mp_highgroup
D:2:      layout_basic, basic_altar, grunt_decor_cap,
          wander_ebering_terrifying_dragon_lair, uniq_crazy_yiuf_cottage

Action                   || total
-------------------------++-------
Melee: Unarmed           ||    35
       Kick              ||    13
       Constrict         ||    11
       Tentacles         ||     2
 Cast: Beastly Appendage ||    23
       Wereblood         ||     1
  Use: Scroll            ||     7
       Potion            ||     1
 Stab: Sleeping          ||     3
Armor: Skin              ||     2
Dodge: Dodged            ||    10

Table legend: (Time is in decaauts)
 A = Elapsed time spent in this place.
 B = Non-inter-level travel time spent in this place.
 C = Inter-level travel time spent in this place.
 D = Time resting spent in this place.
 E = Time spent auto-exploring this place.
 F = Levels seen in this place.
 G = Mean time per level.
                   A        B        C        D        E       F      G
               +--------+--------+--------+--------+--------+-----+--------+
         Total |   2101 |   2091 |     10 |    517 |   1374 |   2 | 1050.5 |
       Dungeon |   2101 |   2091 |     10 |    517 |   1374 |   2 | 1050.5 |
               +--------+--------+--------+--------+--------+-----+--------+

Top non-repeatable levels by time:
     D:2: 1341 daAuts
     D:1: 760 daAuts
